 Dungeon Crawl Stone Soup version 0.18.1-48-g4cf74bf (webtiles) character file.

3389 Inkary the Ruffian (level 9, 0/92 HPs)
             Began as a Troll Berserker on Sept 5, 2016.
             Was an Elder of Trog.
             Slain by a killer bee (3 damage)
             ... while paralysed
             ... on level 8 of the Dungeon.
             The game lasted 00:12:20 (5911 turns).

Inkary the Ruffian (Troll Berserker)                Turns: 5911, Time: 00:12:21

Health: 0/92       AC:  7    Str: 27    XL:     9   Next: 74%
Magic:  8/8        EV:  1    Int:  3    God:    Trog [****..]
Gold:   185        SH:  0    Dex: 15    Spells: 0 memorised, 8 levels left

rFire  . . .     SeeInvis +       - Unarmed
rCold  . . .     Gourm    +     a - +0 animal skin
rNeg   . . .     Faith    .     (no shield)
rPois  .         Spirit   .     (helmet restricted)
rElec  .         Dismiss  .     r - +1 cloak
rCorr  .         Reflect  .     (gloves unavailable)
SustAt .         Harm     .     (boots unavailable)
MR     ++...                    (no amulet)
Stlth  +.........               t - +3 ring of dexterity
                                y - ring of see invisible

@: paralysed, lethally poisoned (0 -> -6), exhausted, regenerating, slowed, very
resistant to hostile enchantments, very unstealthy
A: unfitting armour, claws 3, fast metabolism 3, gourmand, regeneration 2,
shaggy fur 1, tough skin 2
a: Berserk, Trog's Hand, Brothers in Arms, Burn Spellbooks, Renounce Religion


You were on level 8 of the Dungeon.
You worshipped Trog.
Trog was greatly pleased with you.
You were very full.

You visited 1 branch of the dungeon, and saw 8 of its levels.

You collected 487 gold pieces.
You spent 302 gold pieces at shops.

Inventory:

Hand Weapons
 u - a +2 whip of freezing
Missiles
 q - a throwing net (quivered)
Armour
 a - a +0 animal skin (worn)
 j - a +0 shield
 r - a +1 cloak (worn)
Jewellery
 t - a +3 ring of dexterity (right claw)
 y - a ring of see invisible (left claw)
Scrolls
 c - 3 scrolls of enchant weapon {unknown}
 d - 7 scrolls of identify {unknown}
 e - 5 scrolls of remove curse {unknown}
 k - 3 scrolls of teleportation {unknown}
 o - a scroll of magic mapping {unknown}
 B - 2 scrolls of noise {unknown}
 D - a scroll of fear {unknown}
 E - a scroll of recharging {unknown}
Potions
 f - 3 potions of brilliance {unknown}
 h - 5 potions of curing
 i - a potion of ambrosia {unknown}
 n - 6 potions of heal wounds
 v - a potion of agility {unknown}
 w - a potion of berserk rage {unknown}
 x - a potion of lignification {unknown}
 A - 3 potions of might
 C - a potion of beneficial mutation {unknown}
 H - a potion of resistance {unknown}
Books
 G - a book of Necromancy

   Spells                             Type                      Level
   a - Pain                           Necromancy                   1
   b - Animate Skeleton               Necromancy                   1
   c - Vampiric Draining              Necromancy                   3
   d - Regeneration                   Charms/Necromancy            3
   e - Animate Dead                   Necromancy                   4
   f - Control Undead                 Necromancy                   4
   Trog disapproves of the use of such an item.
Comestibles
 b - 5 bread rations
 g - 4 meat rations
 l - a slice of pizza
 m - 6 fruits
 p - 2 chunks of flesh
 s - 2 royal jellies
 z - a beef jerky


   Skills:
 + Level 6.6 Fighting
 + Level 6.6 Dodging
 + Level 4.7 Shields
 + Level 7.8 Unarmed Combat


You had 8 spell levels left.
You didn't know any spells.

Dungeon Overview and Level Annotations

Branches:
Dungeon (8/15)             Temple (0/1) D:7
   Lair: D:8-11

Altars:
Ashenzari
Dithmenos
Elyvilon
Nemelex Xobeh
Qazlal
Ru
Trog
Vehumet
The Shining One

Shops:
D:7 [   D:8 =!


Innate Abilities, Weirdness & Mutations

You are too large for most types of armour.
You have claws for hands.
Your metabolism is lightning-fast.
You like to eat raw meat.
You heal very quickly.
You are covered in fur (AC +1).
You have very tough skin (AC +2).


Message History

You feel sick.
The killer bee stings you but does no damage. x2
The killer bee stings you.
* * * LOW HITPOINT WARNING * * *
You are more poisoned.
The killer bee poisons you!
The killer bee stings you but does no damage.
The killer bee stings you.
* * * LOW HITPOINT WARNING * * *
You are more poisoned.
The killer bee poisons you! The killer bee completely misses you.
The killer bee stings you but does no damage.
The killer bee stings you!
* * * LOW HITPOINT WARNING * * *
The killer bee stings you but does no damage.
The killer bee barely misses you.
* * * LOW HITPOINT WARNING * * *
You feel very sick. The killer bee stings you.
You die...

###......... ..........
#.........####.....####.
##..........(... . ..
#............... ..
##...........o... ...
#......###....... ...
#.....##......... ....
#.....##.yy......
#.....##y@y.#####
#.....#.yy.y.....
#.....#.yy.$.....
##...............
#.......?.######
#.........#
#.........#+#...
#...............
#...............


You could see 9 killer bees and an orc.

Vanquished Creatures
  Pikel (D:6)
  The ghost of appiemonkey the Covert, a novice VSAs of Trog (D:7)
  Grinder (D:6)
  Sigmund (D:6)
  5 orc warriors
  2 black bears
  2 ogres
  2 phantoms
  A centaur (D:6)
  A big kobold (D:8)
  A gnoll sergeant (D:5)
  A scorpion (D:7)
  A howler monkey (D:5)
  A crimson imp (D:7)
  2 hounds
  2 orc priests
  6 orc wizards
  Crazy Yiuf (D:3)
  A giant frog skeleton (D:5)
  Natasha (thrice) (D:2)
  4 worker ants
  A hound skeleton (D:5)
  14 gnolls
  A howler monkey skeleton (D:6)
  16 adders
  An ooze (D:5)
  2 adder skeletons
  A worm (D:3)
  A dart slug (D:2)
  26 orcs
  4 ball pythons
  8 bats
  7 giant cockroaches
  8 goblins
  8 hobgoblins
  3 jackals (D:2)
  15 kobolds
  6 quokkas
  A giant gecko skeleton (D:6)
  7 giant newts
  5 rats
175 creatures vanquished.

Notes
Turn   | Place    | Note
--------------------------------------------------------------
     0 | D:1      | Inkary the Troll Berserker began the quest for the Orb.
     0 | D:1      | Reached XP level 1. HP: 22/22 MP: 0/0
    85 | D:1      | Reached XP level 2. HP: 29/29 MP: 1/1
   506 | D:2      | Reached ** piety under Trog
   661 | D:2      | Reached XP level 3. HP: 34/36 MP: 2/2
   727 | D:2      | Found a stormy altar of Qazlal.
   867 | D:2      | Reached XP level 4. HP: 45/45 MP: 3/3
   878 | D:2      | Noticed Natasha
   884 | D:2      | Killed Natasha
   895 | D:2      | Noticed Natasha
   906 | D:2      | Killed Natasha
  1116 | D:2      | Noticed Natasha
  1120 | D:2      | Killed Natasha
  1120 | D:2      | Reached skill level 4 in Unarmed Combat
  1120 | D:2      | Reached XP level 5. HP: 53/53 MP: 4/4
  1253 | D:3      | Noticed a phantom
  1277 | D:3      | Killed a phantom
  1277 | D:3      | Reached XP level 6. HP: 35/62 MP: 5/5
  1310 | D:3      | Found a shattered altar of Ashenzari.
  1336 | D:3      | Reached *** piety under Trog
  2047 | D:3      | Noticed Crazy Yiuf
  2051 | D:3      | Killed Crazy Yiuf
  2263 | D:4      | Noticed an orc warrior
  2279 | D:4      | Killed an orc warrior
  2279 | D:4      | Reached skill level 5 in Unarmed Combat
  2279 | D:4      | Reached XP level 7. HP: 12/70 MP: 6/6
  2354 | D:4      | Reached skill level 1 in Shields
  2980 | D:4      | HP: 2/71 [ogre/giant spiked club (4)]
  3062 | D:5      | Entered Level 5 of the Dungeon
  3206 | D:5      | Reached skill level 5 in Dodging
  3249 | D:5      | Found a bloodstained altar of Trog.
  3321 | D:5      | Found a sparkling altar of Nemelex Xobeh.
  3417 | D:5      | Reached XP level 8. HP: 79/79 MP: 7/7
  3630 | D:5      | Reached skill level 5 in Fighting
  3763 | D:6      | Reached **** piety under Trog
  3995 | D:6      | Noticed Sigmund
  4010 | D:6      | Killed Sigmund
  4010 | D:6      | Reached skill level 6 in Unarmed Combat
  4039 | D:6      | Found a white marble altar of Elyvilon.
  4045 | D:6      | Found a radiant altar of Vehumet.
  4056 | D:6      | Found a glowing golden altar of the Shining One.
  4059 | D:6      | Found a sacrificial altar of Ru.
  4146 | D:6      | Noticed Grinder
  4149 | D:6      | Noticed Pikel
  4169 | D:6      | Killed Grinder
  4178 | D:6      | Killed Pikel
  4178 | D:6      | Reached XP level 9. HP: 44/89 MP: 8/8
  4700 | D:7      | Noticed appiemonkey's ghost (novice VSAs)
  4711 | D:7      | Killed appiemonkey's ghost
  4711 | D:7      | Reached skill level 7 in Unarmed Combat
  4714 | D:7      | Found Roguv's Antique Armour Shop.
  4784 | D:7      | Found a shadowy altar of Dithmenos.
  4919 | D:7      | Found a staircase to the Ecumenical Temple.
  5253 | D:8      | Found Ovybla Gune's Distillery.
  5299 | D:8      | Bought a potion of curing for 30 gold pieces
  5299 | D:8      | Bought a potion of heal wounds for 50 gold pieces
  5299 | D:8      | Bought a potion of might for 40 gold pieces
  5299 | D:8      | Bought a potion of degeneration for 10 gold pieces
  5388 | D:8      | Found Keaqas's Jewellery Boutique.
  5396 | D:8      | Bought a +3 ring of dexterity for 172 gold pieces
  5897 | D:8      | Noticed a queen bee
  5911 | D:8      | HP: 3/92 [poisoned by a killer bee]
  5911 | D:8      | Slain by a killer bee

Skill      XL: |  1  2  3  4  5  6  7  8  9 |
---------------+----------------------------+-----
Dodging        | 3 4 5 6 |  6.6
Fighting       | 3 4 5 6 |  6.6
Unarmed Combat | 4 5 6 7 |  7.8
Shields        | 2 3 4 |  4.7

Action                   |  1- 3 |  4- 6 |  7- 9 || total
-------------------------+-------+-------+-------++-------
Melee: Unarmed           |    87 |   145 |   283 ||   515
       Punch             |     2 |     2 |     9 ||    13
Invok: Berserk           |     1 |     2 |     7 ||    10
       Trog's Hand       |       |     4 |    11 ||    15
 Stab: Sleeping          |       |     1 |     2 ||     3
  Eat: Chunk             |    14 |    15 |    43 ||    72
Armor: Animal skin       |    36 |    33 |    99 ||   168
Dodge: Dodged            |    36 |    55 |   180 ||   271
